 Dungeon Crawl Stone Soup version 0.28.0-53-g5a82cb258f (webtiles) character file.

Game seed: 12583895090334250032

7837 selky the Unseen (level 11, -5/49 HPs)
             Began as a Spriggan Enchanter on July 7, 2022.
             Was an Initiate of Gozag.
             Slain by a yak (6 damage)
             ... while petrified by a basilisk
             ... on level 10 of the Dungeon.
             The game lasted 00:23:35 (13910 turns).

selky the Unseen (Spriggan Enchanter)              Turns: 13910, Time: 00:23:35

Health: -5/49      AC:  5    Str:  4    XL:     11   Next: 2%
Magic:  23/23      EV:  4    Int: 20    God:    Gozag
Gold:   507        SH:  0    Dex: 17    Spells: 16/24 levels left

rFire   . . .      SeeInvis +   n - +0 dagger (protect)
rCold   . . .      Faith    .   v - orb {guile}
rNeg    + + +      Spirit   .   b - +1 robe
rPois   ∞          Reflect  .   G - +1 hat {Stlth+}
rElec   .          Harm     .   q - +0 cloak
rCorr   .          Rampage  .   (gloves unavailable)
Will    .....                   (boots unavailable)
Stlth   ++++++++..              (no amulet)
HPRegen 0.16/turn               (no ring)
MPRegen 0.18/turn               (no ring)

@: petrified, very quick
A: very small, no large weapons, unfitting armour, see invisible, speed 3
a: Renounce Religion, Potion Petition, Call Merchant, Bribe Branch


You were on level 10 of the Dungeon.
You worshipped Gozag.
Gozag was pleased with you.
You visited 2 branches of the dungeon, and saw 11 of its levels.

You collected 1266 gold pieces.
You paid 759 gold pieces to Gozag.

Inventory:

Hand Weapons
 a - a +1 dagger
 n - a +0 dagger of protection (weapon)
 r - the +6 trident of Deflation {freeze, Stlth+}
   (You found it on level 4 of the Dungeon)

   It freezes those it strikes, dealing additional cold damage.
   It can also slow down cold-blooded creatures.
   Stlth:     It makes you more stealthy.
Missiles
 A - a throwing net (quivered)
Armour
 b - a +1 robe (worn)
 q - a +0 cloak (worn)
 v - an orb of guile (worn)
 x - a +0 pair of boots
 G - a +1 hat of stealth (worn)
Wands
 y - a wand of flame (15)
 B - a wand of acid (10)
 F - a wand of iceblast (4)
Scrolls
 f - 3 scrolls of fear
 g - a scroll of blinking
 i - a scroll of noise {unknown}
 j - 2 scrolls of holy word {unknown}
 m - a scroll of fog
 o - a scroll of brand weapon {unknown}
 p - 4 scrolls of immolation {unknown}
 s - 4 scrolls of teleportation {unknown}
 w - a scroll of silence
 D - 3 scrolls of torment
 E - 3 scrolls of identify
Potions
 c - a potion of invisibility
 d - 3 potions of curing
 e - a potion of lignification {unknown}
 h - 2 potions of heal wounds
 k - 2 potions of berserk rage
 l - 2 potions of haste
 t - a potion of cancellation {unknown}
 u - 2 potions of magic
 z - 3 potions of degeneration
 C - a potion of attraction


   Skills:
 + Level 1.2 Fighting
 * Level 7.6 Short Blades
 + Level 5.5 Dodging
 + Level 18.0 Stealth
 + Level 7.3 Spellcasting
 + Level 9.7 Hexes


You had 16 spell levels left.
You knew the following spells:

 Your Spells              Type           Power      Damage    Failure   Level
a - Ensorcelled Hibernat  Hex/Ice        52%        N/A       1%          2
b - Confusing Touch       Hex            46%        N/A       1%          3
c - Tukima's Dance        Hex            46%        N/A       1%          3

Your spell library contained the following spells:

 Spells                   Type           Power      Damage    Failure   Level
 Dazzling Flash           Conj/Hex       52%        N/A       3%          3


Dungeon Overview and Level Annotations

Branches:
Dungeon (10/15)            Temple (1/1) D:6            Lair (0/6) D:10
    Orc (0/2) D:10

Altars:
Ashenzari
Cheibriados
Dithmenos
Elyvilon
Fedhas
Gozag
Hepliaklqana
Makhleb
Nemelex Xobeh
Okawaru
Qazlal
Ru
Sif Muna
Trog
Vehumet
Wu Jian
Xom
Yredelemnul
Zin
The Shining One

Shops:
D:8 !   D:10 =

Annotations:
D:1 exclusion: door
D:3 3 runed translucent doors, Sin92's ghost, amateur DsFE
D:4 1 exclusion
D:9 1 exclusion
D:10 1 transporter, safid's ghost, journeyman HOFi


Innate Abilities, Weirdness & Mutations

You are very small and have problems with some larger weapons.
You are too small for most types of armour.
You have supernaturally acute eyesight. (SInv)
You cover ground extremely quickly. (Speed+++)


Message History

A wyvern is nearby!
A wyvern is nearby!
A wyvern is nearby!
No target in view!
No target in view!
You now have 507 gold pieces (gained 18).
Found a transporter.
No target in view!
No target in view!
No target in view!
Found 6 gold pieces, a manual of Dodging and 19 bolts.
Found a +6 ring of intelligence.
Found a scroll labelled DUASIF GEOKUPN.
There are monsters nearby!
There are monsters nearby!
There are monsters nearby!
Things that are here:
19 gold pieces; a +0 giant club; a +0 giant club The yak bellows! x3; You hear an angry hiss. x2
The yak closely misses you. The basilisk gazes at you.
You are slowing down.
The yak bellows!
Things that are here:
19 gold pieces; a +0 giant club; a +0 giant club Your limbs are stiffening.
You have turned to stone.
The yak gores you! The yak gores you. The yak gores you!
The yak gores you but does no damage. x2; The yak gores you.
The yak gores you! x2; The yak gores you.
The yak gores you! x2
* * * LOW HITPOINT WARNING * * *
The yak gores you!
* * * LOW HITPOINT WARNING * * *
The yak barely misses you. The yak gores you but does no damage.
The yak gores you!
* * * LOW HITPOINT WARNING * * *
The yak gores you!
You die...
Your body crumbles into a pile of gold.

...#.# #©.=:#©..########
#Y...# ...#$#...........
#....©#.#...#.##..........
#..#.##..##.#. #.>########
#..#[#...#...#.#..# #
#..#.## 5..#..##..# #
#..#..## .5.. #...# #
#......##### ##...# #
#.......Y@Y###....# # #
#..######YY.......# # #.
#..#....SYl$......# #
#.######....S........$...#
#
#..........l........###..#
# #.................♣.#
#..# #
....<...S.♣........♣#
#..########
..###......P........
#...∩......
#.SS.♣........♣..
#...<......


You could see 5 yaks, a basilisk, a water moccasin and a quasit (wandering).

Vanquished Creatures
  Gastronok (D:10)
  2 two-headed ogres
  A manticore (D:9)
  A kobold demonologist (D:9)
  A komodo dragon (D:8)
  A hornet (D:8)
  A vampire (D:9)
  2 wyverns (D:10)
  2 yaks (D:10)
  2 steam dragons
  2 acid dragons
  5 water moccasins
  2 black bears
  An ice beast (D:8)
  3 orc warriors
  A sky beast (D:6)
  A necrophage (D:4)
  An ogre (D:6)
  A phantom (D:5)
  2 centaurs
  2 kobold brigands (D:9)
  2 bullfrogs
  4 scorpions
  2 water moccasin zombies (D:5)
  4 wights (D:8)
  2 howler monkeys
  2 centaur zombies
  3 orc priests
  2 hounds
  A jelly (D:7)
  An iguana (D:5)
  6 orc wizards
  A mummy (D:8)
  A howler monkey zombie (D:7)
  2 gnolls (D:4)
  7 adders
  A white imp (D:6)
  An ufetubus (D:7)
  4 worms
  2 dart slugs
  21 orcs
  11 ball pythons
  5 endoplasms
  5 giant cockroaches
  7 goblins
  5 hobgoblins
  7 jackals
  13 kobolds
  4 bats
  6 frilled lizards
  5 rats
172 creatures vanquished.

Vanquished Creatures (collateral kills)
  An orc (D:6)
1 creature vanquished.

Vanquished Creatures (others)
  5 dancing weapons
  4 fungi (D:10)
  26 plants
35 creatures vanquished.

Grand Total: 208 creatures vanquished

Notes
Turn   | Place    | Note
-------+----------+-------------------------------------------
     0 | D:1      | selky the Spriggan Enchanter began the quest for the Orb.
     0 | D:1      | Reached XP level 1. HP: 9/9 MP: 5/5
   850 | D:1      | Reached XP level 2. HP: 13/13 MP: 6/6
  1089 | D:1      | Learned a level 2 spell: Ensorcelled Hibernation
  1341 | D:1      | Reached skill level 5 in Stealth
  1597 | D:1      | Reached XP level 3. HP: 8/16 MP: 2/8
  1967 | D:2      | Found a faded altar of an unknown god.
  2159 | D:2      | You fall into a shaft and drop 2 floors!
  2305 | D:3      | Reached skill level 6 in Stealth
  2675 | D:2      | Reached XP level 4. HP: 21/21 MP: 9/9
  3236 | D:3      | Found a runed translucent gate.
  3329 | D:3      | Reached skill level 7 in Stealth
  3356 | D:3      | Noticed Sin92's ghost (amateur DsFE)
  3776 | D:3      | Found a runed translucent gate.
  3780 | D:3      | Found a runed translucent gate.
  3882 | D:3      | Reached XP level 5. HP: 24/24 MP: 10/10
  4369 | D:3      | Reached skill level 8 in Stealth
  4882 | D:4      | Learned a level 3 spell: Confusing Touch
  5117 | D:4      | Found an opulent altar of Gozag.
  5120 | D:4      | Noticed a necrophage
  5127 | D:4      | Became a worshipper of Gozag Ym Sagoz the Greedy
  5141 | D:4      | Killed a necrophage
  5142 | D:4      | Reached skill level 9 in Stealth
  5142 | D:4      | Reached XP level 6. HP: 28/28 MP: 7/11
  5193 | D:4      | Identified the +6 trident of Deflation {freeze, Stlth+}
  5256 | D:4      | Learned a level 3 spell: Tukima's Dance
  5814 | D:5      | Entered Level 5 of the Dungeon
  5819 | D:5      | Reached skill level 5 in Hexes
  5941 | D:4      | Reached skill level 10 in Stealth
  6252 | D:5      | Reached XP level 7. HP: 32/32 MP: 12/12
  6260 | D:5      | Reached skill level 11 in Stealth
  6565 | D:5      | Reached skill level 12 in Stealth
  6758 | D:5      | Reached XP level 8. HP: 36/36 MP: 13/13
  7256 | D:6      | Reached skill level 13 in Stealth
  7916 | D:6      | Reached skill level 14 in Stealth
  7927 | D:6      | Found a staircase to the Ecumenical Temple.
  8239 | Temple   | Entered the Ecumenical Temple
  9301 | D:8      | Noticed a komodo dragon
  9327 | D:8      | Killed a komodo dragon
  9328 | D:8      | Reached skill level 15 in Stealth
  9328 | D:8      | Reached XP level 9. HP: 29/39 MP: 10/14
  9489 | D:8      | Reached skill level 5 in Short Blades
  9973 | D:8      | Found Poudwus's Distillery.
 10291 | D:8      | Found a snail-covered altar of Cheibriados.
 10367 | D:8      | Found a hazy altar of Hepliaklqana.
 10368 | D:8      | Found a faded altar of an unknown god.
 10859 | D:9      | Noticed a two-headed ogre
 11182 | D:9      | Killed a two-headed ogre
 11183 | D:9      | Reached skill level 16 in Stealth
 11183 | D:9      | Reached skill level 5 in Spellcasting
 11239 | D:9      | Noticed a kobold demonologist
 11266 | D:9      | Noticed a red devil
 11277 | D:9      | Killed a kobold demonologist
 11278 | D:9      | Reached skill level 1 in Fighting
 11278 | D:9      | Reached XP level 10. HP: 21/45 MP: 15/19
 11656 | D:9      | Noticed a manticore
 11664 | D:9      | Killed a manticore
 11665 | D:9      | Reached skill level 5 in Dodging
 12272 | D:9      | Found a sacrificial altar of Ru.
 12728 | D:10     | Entered Level 10 of the Dungeon
 12730 | D:10     | Found a staircase to the Lair.
 12950 | D:10     | Noticed a two-headed ogre
 12956 | D:10     | Killed a two-headed ogre
 12962 | D:10     | Noticed safid's ghost (journeyman HOFi)
 13005 | D:10     | Reached skill level 17 in Stealth
 13200 | D:10     | Found a staircase to the Orcish Mines.
 13208 | D:10     | Noticed Gastronok
 13263 | D:10     | Killed Gastronok
 13667 | D:10     | Reached XP level 11. HP: 49/49 MP: 15/23
 13678 | D:10     | Reached skill level 18 in Stealth
 13877 | D:10     | Found a transporter.
 13910 | D:10     | HP: 1/49 [yak (6)]
 13910 | D:10     | Slain by a yak

Illustrated notes

Levels and vault maps discovered:
D:1:      lemuel_arrival_rhombus, layout_basic
D:2:      layout_basic, ebering_ecumenical_altar_webs
D:3:      minmay_octagon_keep, layout_loops_cross, gammafunk_ghost_split
D:4:      layout_basic, mainiacjoe_overflow_paths
D:5:      layout_loops_ring, grunt_ministairs_13
D:6:      layout_basic, nicolae_overflow_hidden_temple,
          minmay_temple_entry_statues
D:7:      layout_loops_cross
D:8:      layout_basic, slow_altar_2, beargit_hepliaklqana_dungeon_heroes,
          serial_shops, kennysheep_mini, serial_glass, glass_columns_a,
          glass_columns_a, glass_columns_c, glass_columns_a, glass_columns_b,
          glass_columns_b, glass_columns_a, glass_columns_a
D:9:      layout_loops_ring, hangedman_ru_absence, serial_bayou,
          serial_bayou_shore_a, serial_bayou_pond_c, serial_bayou_pond_e,
          serial_bayou_ford_a, amcnicky_mini_rare_corridor_liquid,
          nrook_mini_backslash
D:10:     layout_long_grid, minmay_lair_entry_grove, david_orc_2,
          gammafunk_ghost_stat_death, minivault_7, uniq_gastronok
Temple:   eino_temple_scatter_basement

Skill      XL: |  1  2  3  4  5  6  7  8  9 10 11 |
---------------+----------------------------------+-----
Hexes          | 4 5 7 8 9 |  9.7
Stealth        | 5 6 7 9 10 12 15 16 17 18 | 18.0
Short Blades   | 2 3 4 6 7 |  7.6
Dodging        | 3 4 5 |  5.5
Spellcasting   | 3 5 7 |  7.3
Fighting       | 1 |  1.2

Action                   |  1- 3 |  4- 6 |  7- 9 | 10-12 || total
-------------------------+-------+-------+-------+-------++-------
Melee: Dagger            |   121 |   143 |   247 |    89 ||   600
       Punch             |     2 |     5 |       |       ||     7
       Trident           |       |    15 |       |       ||    15
Throw: Throwing net      |       |       |       |     1 ||     1
 Cast: Ensorcelled Hiber |     9 |    33 |    38 |    25 ||   105
       Confusing Touch   |       |     1 |    18 |    14 ||    33
       Tukima's Dance    |       |       |     8 |     1 ||     9
Invok: Call Merchant     |       |       |       |     1 ||     1
  Use: Scroll            |       |       |    12 |     1 ||    13
       Potion            |       |       |     1 |     1 ||     2
 Stab: Sleeping          |    17 |    26 |    35 |    15 ||    93
       Distracted        |       |     3 |     2 |       ||     5
       Confused          |       |       |    17 |    14 ||    31
Armor: Robe              |     7 |    19 |    33 |    15 ||    74
Dodge: Dodged            |    71 |   105 |   156 |    59 ||   391
